 Dungeon Crawl Stone Soup version 0.30.1-11-g7821555f0a (webtiles) character file.

Game seed: 11904961455799033786

406 aaranaf the Conjurer (level 6, -4/32 HPs)
             Began as a Deep Elf Conjurer on Nov 7, 2023.
             Shot with an arrow by a centaur (11 damage)
             ... on level 7 of the Dungeon.
             The game lasted 00:40:16 (4588 turns).

aaranaf the Conjurer (Deep Elf Conjurer)            Turns: 4588, Time: 00:40:16

Health: -4/32      AC:  3    Str:  4    XL:     6   Next: 56%
Magic:  16/17      EV: 27    Int: 25    God:
Gold:   270        SH:  0    Dex: 13    Spells: 10/17 levels left

rFire   . . .        q - staff of earth
rCold   . . .        (no shield)
rNeg    . . .        a - +0 robe
rPois   .            (no helmet)
rElec   .            r - scarf {+Inv}
rCorr   .            (no gloves)
SInv    .            n - +0 pair of boots
Will    .....        g - amulet of the acrobat
Stlth   ++           (no ring)
HPRegen 0.25/turn    (no ring)
MPRegen 0.15/turn

%: acrobat
@: acrobatic
A: no striking features
a: Evoke Invisibility


You were on level 7 of the Dungeon.
You visited 1 branch of the dungeon, and saw 6 of its levels.

You collected 270 gold pieces.

Inventory:

Hand Weapons
 e - a +0 short sword
Missiles
 u - a throwing net
Armour
 a - a +0 robe (worn)
 j - a +0 ring mail
 n - a +0 pair of boots (worn)
 r - a scarf of invisibility (worn)
 v - a +0 pair of boots
Magical Staves
 q - a staff of earth (weapon)
Jewellery
 g - an amulet of the acrobat (around neck)
Wands
 t - a wand of roots (4)
 w - a wand of mindburst (12)
Scrolls
 c - 2 scrolls of fog
 d - a scroll of enchant armour {unknown}
 i - a scroll of identify
 m - a scroll of butterflies
 o - 2 scrolls of teleportation
 p - 2 scrolls of blinking
Potions
 b - 2 potions of magic
 f - 2 potions of degeneration
 h - 3 potions of invisibility
 k - 2 potions of attraction
 l - 2 potions of curing
 s - a potion of cancellation


   Skills:
 + Level 0.1 Fighting
 + Level 3.0 Dodging
 + Level 3.3 Stealth
 * Level 6.3 Spellcasting
 * Level 6.3 Conjurations
 * Level 1.3 Translocations
 * Level 1.3 Evocations


You had 10 spell levels left.
You knew the following spells:

 Your Spells              Type           Power      Damage    Failure   Level
a - Magic Dart            Conj           100%       1d8       1%          1
b - Searing Ray           Conj           78%        2d7       1%          2
c - Iskenderun's Mystic   Conj/Tloc      27%        2d7       14%         4

Your spell library contained the following spells:

 Spells                   Type           Power      Damage    Failure   Level
 Shock                    Conj/Air       92%        1d8       1%          1
 Dazzling Flash           Conj/Hex       46%        N/A       6%          3
 Slow                     Hex            28%        N/A       7%          1
 Fulminant Prism          Conj/Hex       11%        3d9       21%         4
 Confusing Touch          Hex            7%         N/A       22%         3
 Swiftness                Air            7%         N/A       22%         3
 Vampiric Draining        Necr           7%         2d6       22%         3
 Airstrike                Air            3%         2d(1-17)  56%         4


Dungeon Overview and Level Annotations

Branches:
Dungeon (5/15)
 Temple: D:4-7

Altars:
Elyvilon
Gozag
Kikubaaqudgha
Makhleb
Qazlal
Yredelemnul


Message History

The searing ray hits the scorpion!
You kill the scorpion! (Press . to maintain the ray.)
w - a wand of mindburst (12)
There is an open door here.
As you open the door, it creaks loudly!
A quokka comes into view.
A sourceless malevolence fills the Dungeon...
You fall into a shaft and drop 2 floors!
The shaft crumbles and collapses.
Found 8 gold pieces.
You now have 270 gold pieces (gained 8).
Aiming: Magic Dart (safe; 1% risk of failure)
Press: ? - help, Q - select action, (/) - cycle Shift-Dir - straight line
Okay, then.
Press: ? - help, v - describe, . - travel
Here: a quokka (wandering, peaceful)
The floor.
Found a white marble altar of Elyvilon.
A centaur comes into view.
Press: ? - help, v - describe, . - travel The floor.
Casting: Magic Dart (safe; 1% risk of failure)
Confirm with . or Enter, or press ? or * to list all spells.
You can't see any susceptible monsters within range! (Use Z to cast anyway.)
The centaur shouts!
The centaur wields a +0 shortbow.
The centaur shoots an arrow.
The arrow hits you!
Aiming: Magic Dart (safe; 1% risk of failure)
Press: ? - help, Q - select action, (/) - cycle Shift-Dir - straight line, f - centaur
Aim: a centaur, wielding a +0 shortbow (100% to hit)
The magic dart hits the centaur.
The centaur is lightly wounded.
The centaur shoots an arrow.
The arrow hits you.
The centaur shoots an arrow.
The arrow barely misses you.
The centaur shoots an arrow.
The arrow barely misses you.
The centaur shoots an arrow.
The arrow hits you!
* * * LOW HITPOINT WARNING * * *
The centaur shoots an arrow.
The arrow hits you!
You die...

#.#~..♣..~##.##
#.#~~...~~#...#
###...#####.# ##.##
#.# #. #.# #.## #.#
# #.# ... #.###.#
#...c#.####.....###
...........@.......
.##################


You could see a centaur.

Vanquished Creatures
  A scorpion (D:5)
  A howler monkey (D:4)
  2 hounds
  An iguana (D:4)
  7 adders
  4 gnolls (D:3)
  An ufetubus (D:3)
  A worm (D:3)
  A dart slug (D:1)
  An orc (D:4)
  10 endoplasms
  6 giant cockroaches
  7 goblins
  13 hobgoblins
  12 jackals
  7 quokkas
  5 ball pythons
  7 bats
  5 frilled lizards
  8 kobolds
  7 rats
107 creatures vanquished.

Notes
Turn   | Place    | Note
-------+----------+-------------------------------------------
     0 | D:1      | aaranaf the Deep Elf Conjurer began the quest for the Orb.
     0 | D:1      | Reached XP level 1. HP: 10/10 MP: 6/6
   205 | D:1      | Reached XP level 2. HP: 15/15 MP: 4/8
   565 | D:1      | Reached skill level 5 in Conjurations
   718 | D:1      | Reached XP level 3. HP: 16/19 MP: 7/10
  2036 | D:2      | Reached XP level 4. HP: 24/24 MP: 7/12
  2490 | D:2      | Learned a level 2 spell: Searing Ray
  2503 | D:2      | Learned a level 4 spell: Iskenderun's Mystic Blast
  2799 | D:3      | Found an opulent altar of Gozag.
  3116 | D:3      | Reached skill level 5 in Spellcasting
  3116 | D:3      | Reached XP level 5. HP: 28/28 MP: 9/14
  3246 | D:3      | Found a faded altar of an unknown god.
  3246 | D:3      | Found a faded altar of an unknown god.
  3254 | D:3      | Found an ancient bone altar of Kikubaaqudgha.
  3257 | D:3      | Found a burning altar of Makhleb.
  3260 | D:3      | Found a basalt altar of Yredelemnul.
  3394 | D:3      | Found a faded altar of an unknown god.
  3709 | D:3      | Found a stormy altar of Qazlal.
  3987 | D:4      | Reached skill level 1 in Translocations
  3987 | D:4      | Reached skill level 1 in Evocations
  4038 | D:4      | Reached XP level 6. HP: 32/32 MP: 10/16
  4423 | D:5      | Entered Level 5 of the Dungeon
  4549 | D:5      | You fall into a shaft and drop 2 floors!
  4557 | D:7      | Found a white marble altar of Elyvilon.
  4588 | D:7      | Shot with an arrow by a centaur

Illustrated notes

Levels and vault maps discovered:
D:1:      dpeg_arrival_ternary, layout_basic
D:2:      minmay_recursive_quarters, layout_basic
D:3:      layout_basic, lemuel_coloured_pillars_altar,
          mainiacjoe_overflow_chevrons, chequers_temple_overflow_minitemple,
          shapermc_ecumenical_altar_mp_vishouse
D:4:      layout_rooms, minmay_misc_feat_four_crosses,
          minmay_misc_feat_more_columns
D:5:      layout_basic, dreamdust_princess_bridge, minmay_between,
          uniq_eustachio
D:7:      nzn_winding_woodlands_medium [nzn_winding_woodlands_5x5_three,
          nzn_winding_woodlands_5x15_crooked,
          nzn_winding_woodlands_5x5_perimeter,
          nzn_winding_woodlands_5x5_open_star,
          nzn_winding_woodlands_center_pierced_h,
          nzn_winding_woodlands_hourglass,
          nzn_winding_woodlands_5x5_checkerboard,
          nzn_winding_woodlands_5x15_pathside_ponds,
          nzn_winding_woodlands_5x5_default], layout_loops_ring,
          mainiacjoe_overflow_alcove_2, elyvilon_altar_4,
          minmay_misc_feat_hallway

Skill      XL: |  1  2  3  4  5  6 |
---------------+-------------------+-----
Conjurations   | 5 6 |  6.3
Spellcasting   | 4 5 6 |  6.3
Stealth        | 3 |  3.3
Dodging        | 3 |  3.0
Translocations | 1 |  1.3
Evocations     | 1 |  1.3
Fighting       | |  0.1

Action                     |  1- 3 |  4- 6 || total
---------------------------+-------+-------++-------
  Melee: Short sword       |     2 |       ||     2
   Cast: Magic Dart        |   102 |   132 ||   234
         Searing Ray       |       |     5 ||     5
    Use: Scroll            |       |    10 ||    10
 Armour: Robe              |     7 |     4 ||    11
  Dodge: Dodged            |    60 |    21 ||    81
